 Dungeon Crawl Stone Soup version 0.30.1-9-gdf580d7c3d (webtiles) character file.

Game seed: 7277028094702385360

14401 lonewolfV2 the Protected (level 11, -5/84 HPs)
             Began as a Demonspawn Fighter on Oct 25, 2023.
             Was a High Priest of Okawaru.
             Slain by a fire elemental (12 damage)
             ... summoned by a deep elf pyromancer
             ... on level 12 of the Dungeon on Oct 26, 2023.
             The game lasted 00:24:31 (14062 turns).

lonewolfV2 the Protected (Demonspawn Fighter)      Turns: 14062, Time: 00:24:31

Health: -5/84      AC: 16    Str: 18    XL:     11   Next: 88%
Magic:  16/16      EV: 12    Int: 11    God:    Okawaru [*****.]
Gold:   835        SH:  7    Dex: 14    Spells: 10/10 levels left

rFire   . . .        n - +3 hand axe (drain)
rCold   . . .        c - +1 buckler
rNeg    + . .        E - +0 chain mail
rPois   .            (helmet restricted)
rElec   .            j - +0 cloak
rCorr   .            (no gloves)
SInv    .            y - +0 pair of boots
Will    +....        B - amulet of faith Stlth
                     s - ring of willpower
HPRegen 0.34/turn    G - ring of positive energy
MPRegen 0.15/turn

%: faith
@: no status effects
A: antennae 1, thin metallic scales 1, (demonic guardian 1), spiny 2
a: Renounce Religion, Heroism, Finesse, Duel


You were on level 12 of the Dungeon.
You worshipped Okawaru.
Okawaru was extremely pleased with you.
You visited 2 branches of the dungeon, and saw 13 of its levels.
You also visited: Sewer.

You collected 835 gold pieces.

Inventory:

Hand Weapons
 a - a +0 war axe
 n - a +3 hand axe of draining (weapon)
Armour
 c - a +1 buckler (worn)
 j - a +0 cloak (worn)
 y - a +0 pair of boots (worn)
 E - a +0 chain mail (worn)
Jewellery
 e - an amulet of the acrobat
 m - an amulet of guardian spirit
 s - a ring of willpower (left hand)
 B - an amulet of faith (around neck)
 C - a ring of see invisible
 G - a ring of positive energy (right hand)
 H - a ring of resist corrosion
Wands
 b - a wand of mindburst (4)
 f - a wand of polymorph (5)
 z - a wand of acid (10)
 I - a wand of digging (5)
Scrolls
 h - a scroll of enchant armour
 q - a scroll of summoning
 x - a scroll of amnesia
 F - 2 scrolls of teleportation
Potions
 g - a potion of curing
 i - 3 potions of heal wounds
 k - 4 potions of attraction
 l - a potion of flight
 o - a potion of degeneration
 r - 3 potions of haste
 t - a potion of brilliance
 u - 2 potions of resistance
 v - a potion of magic
 w - 2 potions of lignification
 A - a potion of cancellation {unknown}


   Skills:
 + Level 7.6 Fighting
 - Level 1.7 Axes
 - Level 10.2 Armour
 - Level 10.1 Dodging
 + Level 7.9 Shields
 * Level 7.2 Invocations


You had 10 spell levels left.
You didn't know any spells.
Your spell library contained the following spells:

 Spells                   Type           Power      Damage    Failure   Level
 Kiss of Death            Conj/Necr      0%         2d5       95%         1
 Sting                    Tmut/Pois      0%         1d3       95%         1
 Poisonous Vapours        Pois/Air       0%         N/A       99%         2
 Confusing Touch          Hex            0%         N/A       100%        3
 Portal Projectile        Hex/Tloc       0%         N/A       100%        3
 Dispel Undead            Necr           0%         3d6       100%        4
 Leda's Liquefaction      Hex/Erth       0%         N/A       100%        4
 Manifold Assault         Tloc           0%         N/A       100%        4
 Olgreb's Toxic Radiance  Pois           0%         N/A       100%        4
 Dispersal                Tloc           0%         N/A       100%        6
 Disjunction              Tloc           0%         N/A       100%        8
 Call Canine Familiar     Summ           Unusable   N/A       N/A         3

Dungeon Overview and Level Annotations

Branches:
Dungeon (12/15)            Temple (1/1) D:5            Lair (0/5) D:8
  Sewer (visited)
    Orc: D:9-12

Altars:
Ashenzari
Cheibriados
Dithmenos
Fedhas
Gozag
Hepliaklqana
Kikubaaqudgha
Makhleb
Nemelex Xobeh
Okawaru
Qazlal
Ru
Sif Muna
Trog
Uskayaw
Vehumet
Wu Jian
Xom
Yredelemnul

Shops:
D:2 =   D:4 *


Innate Abilities, Weirdness & Mutations

You have a pair of small antennae on your head.
You are partially covered in thin metallic scales. (AC +2)
((A weak demonic guardian rushes to your aid.))
You are mostly covered in sharp spines.


Message History

The fire elemental is struck by your spines.
The fire elemental closely misses you.
You are covered in liquid flames!
You are no longer on fire.
The deep elf pyromancer gestures wildly while chanting.
The fire elemental disappears in a puff of smoke!
You block the fire elemental's attack. The fire elemental closely misses you.
The deep elf pyromancer gestures wildly while chanting.
The deep elf pyromancer blinks!
The fire elemental hits you. The fire elemental burns you!
The deep elf pyromancer mumbles some strange words.
The deep elf pyromancer blinks!
The fire elemental misses you. The fire elemental hits you.
The fire elemental burns you! You block the fire elemental's attack.
The deep elf pyromancer casts a spell at you.
The bolt of fire hits the fire elemental.
The fire elemental completely resists.
The bolt of fire hits you!!
You feel better.
The fire elemental is struck by your spines.
The fire elemental hits you. The fire elemental burns you!
The fire elemental hits you. The fire elemental burns you!
The fire elemental hits you. The fire elemental burns you!
* * * LOW HITPOINT WARNING * * *
You barely miss the deep elf pyromancer.
The deep elf pyromancer is almost dead.
You barely miss the fire elemental. You closely miss the fire elemental.
You hit the fire elemental. You block the fire elemental's attack.
The fire elemental is struck by your spines.
The fire elemental hits you.
* * * LOW HITPOINT WARNING * * *
The fire elemental burns you!
* * * LOW HITPOINT WARNING * * *
The fire elemental hits you. The fire elemental burns you!
* * * LOW HITPOINT WARNING * * *
You block the fire elemental's attack.
The deep elf pyromancer hits you but does no damage.
The fire elemental is struck by your spines.
The fire elemental hits you. The fire elemental burns you!
You die...

..... .......
....... .......
###########.......
...............^..
..................
.......<.e........
........○E@.....>.
......○.°EE.......
..................
##################


You could see a deep elf pyromancer (drained) and 3 fire elementals.

Vanquished Creatures
  Erolcha (D:9)
  2 two-headed ogres
  Pikel (D:7)
  An elephant (D:8)
  Maggie (D:8)
  An unseen horror (D:10)
  3 kobold demonologists (D:11)
  A troll (D:9)
  Grinder (D:4)
  Prince Ribbit (D:5)
  A wraith (D:10)
  Sigmund (D:5)
  22 yaks
  A wyvern (D:5)
  Eustachio (D:5)
  2 steam dragons
  8 vampire mosquitoes
  2 acid dragons (D:11)
  2 water moccasins
  An ice beast (D:6)
  A sky beast (D:5)
  2 black bears (D:8)
  4 orc warriors
  2 ogres
  4 centaurs
  3 kobold brigands
  Blork the orc (D:4)
  4 scorpions
  3 bullfrogs
  A gnoll sergeant (D:11)
  10 wights
  9 killer bees
  6 howler monkeys
  A jelly (D:5)
  7 orc priests
  Crazy Yiuf (D:5)
  2 gnoll boudas
  2 hounds
  A sleepcap (D:5)
  3 iguanas
  16 orc wizards
  A hell rat (Sewer)
  15 gnolls
  13 adders
  3 river rats (Sewer)
  A shadow imp (D:6)
  A white imp (D:6)
  A worm (D:3)
  31 orcs
  10 bats
  12 endoplasms
  3 giant cockroaches
  7 goblins
  8 hobgoblins
  13 kobolds
  4 quokkas
  9 ball pythons
  6 frilled lizards
  4 rats
279 creatures vanquished.

Vanquished Creatures (others)
  A yak (D:8)
  An orc wizard (D:4)
  An orc (D:5)
3 creatures vanquished.

Grand Total: 282 creatures vanquished

Notes
Turn   | Place    | Note
-------+----------+-------------------------------------------
     0 | D:1      | lonewolfV2 the Demonspawn Fighter began the quest for the
                  | Orb.
     0 | D:1      | Reached XP level 1. HP: 18/18 MP: 1/1
   104 | D:1      | Reached skill level 1 in Dodging
   104 | D:1      | Gained mutation: You are partially covered in sharp spines.
                  | [demonic ancestry]
   104 | D:1      | Reached XP level 2. HP: 22/24 MP: 2/2
   990 | D:2      | Gained mutation: You are partially covered in thin metallic
                  | scales. (AC +2) [demonic ancestry]
   990 | D:2      | Reached XP level 3. HP: 29/29 MP: 3/3
  1039 | D:2      | Found Laygrumo's Jewellery Shop.
  1442 | D:2      | Found a faded altar of an unknown god.
  1575 | D:3      | Reached XP level 4. HP: 32/35 MP: 4/4
  2864 | D:4      | Found Axtote's Assorted Antiques.
  2934 | D:4      | Reached XP level 5. HP: 37/41 MP: 5/5
  3041 | D:4      | HP: 2/41 [orc priest/+0 hand axe (5)]
  3286 | D:4      | Noticed an ogre
  3297 | D:4      | Killed an ogre
  3298 | D:4      | Reached XP level 6. HP: 27/47 MP: 6/6
  3467 | D:4      | Noticed Grinder
  3469 | D:4      | Noticed Blork the orc
  3481 | D:4      | Killed Blork the orc
  3490 | D:4      | Killed Grinder
  3491 | D:4      | Reached skill level 5 in Dodging
  3491 | D:4      | Gained mutation: You are mostly covered in sharp spines.
                  | [demonic ancestry]
  3491 | D:4      | Reached XP level 7. HP: 17/52 MP: 7/7
  3934 | D:5      | Entered Level 5 of the Dungeon
  4027 | D:5      | Reached skill level 5 in Armour
  4041 | D:5      | Noticed Sigmund
  4053 | D:5      | Killed Sigmund
  4093 | D:5      | Reached XP level 8. HP: 45/58 MP: 8/8
  4373 | D:5      | Noticed Prince Ribbit
  4395 | D:5      | Killed Prince Ribbit
  4548 | D:5      | Found a runed translucent door.
  4549 | D:5      | Noticed Crazy Yiuf
  4597 | D:5      | Found a shimmering blue altar of Sif Muna.
  4640 | D:5      | Noticed Eustachio
  4656 | D:5      | Killed Eustachio
  4669 | D:5      | Found a staircase to the Ecumenical Temple.
  4805 | Temple   | Entered the Ecumenical Temple
  5342 | D:5      | Killed Crazy Yiuf
  5738 | D:6      | Found a glowing drain.
  5748 | Sewer    | Entered a sewer
  6027 | D:6      | Reached XP level 9. HP: 57/63 MP: 9/9
  7215 | D:7      | Noticed Pikel
  7233 | D:7      | Killed Pikel
  7659 | D:7      | Gained mutation: You have a pair of small antennae on your
                  | head. [demonic ancestry]
  7659 | D:7      | Reached XP level 10. HP: 65/70 MP: 10/10
  8488 | D:8      | Reached skill level 10 in Armour
  8493 | D:8      | Reached skill level 10 in Dodging
  8668 | D:8      | Noticed Maggie
  8686 | D:8      | Killed Maggie
  8807 | D:8      | Noticed an elephant
  8825 | D:8      | Killed an elephant
  8836 | D:8      | Found a staircase to the Lair.
  9097 | D:8      | Reached skill level 5 in Fighting
  9097 | D:8      | Reached skill level 5 in Shields
  9333 | D:8      | Found an iron altar of Okawaru.
  9339 | D:8      | Found a stormy altar of Qazlal.
  9381 | D:8      | Became a worshipper of Warmaster Okawaru
  9400 | D:8      | Found a basalt altar of Yredelemnul.
  9477 | D:8      | Found a sparkling altar of Nemelex Xobeh.
  9594 | D:8      | Noticed a two-headed ogre
  9604 | D:8      | Killed a two-headed ogre
  9604 | D:8      | Reached * piety under Okawaru
  9605 | D:8      | Gained mutation: A weak demonic guardian rushes to your
                  | aid. [demonic ancestry]
  9605 | D:8      | Reached XP level 11. HP: 56/81 MP: 11/11
 10516 | D:9      | Noticed Erolcha
 10527 | D:9      | HP: 3/79 [something (29)]
 10534 | D:9      | Reached skill level 1 in Invocations
 10538 | D:9      | Killed Erolcha
 10538 | D:9      | Reached ** piety under Okawaru
 11627 | D:10     | Entered Level 10 of the Dungeon
 11647 | D:10     | Reached *** piety under Okawaru
 12583 | D:11     | Reached skill level 5 in Invocations
 12729 | D:11     | Reached **** piety under Okawaru
 12962 | D:11     | Noticed a soul eater
 13371 | D:11     | Reached ***** piety under Okawaru
 13418 | D:11     | Noticed a two-headed ogre
 13429 | D:11     | Killed a two-headed ogre
 14046 | D:12     | Noticed a deep elf pyromancer
 14062 | D:12     | Slain by a fire elemental

Illustrated notes

Levels and vault maps discovered:
D:1:      tarquinn_simple_flora_water_f, layout_basic, serial_curves,
          eino_curves_01, eino_curves_03, serial_bayou_pond_e
D:2:      layout_basic, serial_shops, shop,
          shapermc_ecumenical_altar_mp_highgroup
D:3:      mumra_celtic_spiral_tile, layout_basic, minmay_misc_feat_chi
D:4:      layout_loops_ring, minmay_misc_feat_diagonals,
          minmay_shop_grid_forest, grunt_ministairs_8, uniq_blork_the_orc,
          uniq_grinder
D:5:      layout_rooms, kennysheep_mini_moat, lemuel_temple_firewalk_b,
          chequers_serial_rivers_room_b, uniq_eustachio, uniq_prince_ribbit1,
          uniq_crazy_yiuf_cottage, uniq_sigmund
D:6:      layout_basic, portal_sewer_entry_d
D:7:      layout_cave_pods, serial_column_ruins, column_ruins_hut,
          column_ruins_hut, column_ruins_open_small, column_ruins_open_tiny,
          column_ruins_corridor_straight, column_ruins_grid_1,
          column_ruins_corridor_straight, column_ruins_columns_straight,
          uniq_pikel
D:8:      layout_layer_cave, minmay_overflow_temple_star_quad,
          nemelex_diamond_rough_becter, david_lair_generic,
          kennysheep_generic_room_8, uniq_maggie
D:9:      layout_stronghold, uniq_erolcha
D:10:     layout_cave_pools
D:11:     layout_roguey
D:12:     layout_grid_maze, nicolae_trove_entry_crossroad, special_room
          [special_room_orc]
Temple:   minmay_temple_bridge_d

Skill      XL: |  1  2  3  4  5  6  7  8  9 10 11 |
---------------+----------------------------------+-----
Dodging        | 1 2 3 4 5 6 8 9 10 | 10.1
Armour         | 3 4 5 7 9 10 | 10.2
Shields        | 3 5 7 |  7.9
Fighting       | 5 7 |  7.6
Invocations    | 7 |  7.2
Axes           | |  1.7

Action                     |  1- 3 |  4- 6 |  7- 9 | 10-12 || total
---------------------------+-------+-------+-------+-------++-------
  Melee: War axe           |    62 |    91 |       |       ||   153
         Hand axe          |       |    15 |   219 |   391 ||   625
    Use: Scroll            |     6 |     3 |     8 |     9 ||    26
         Potion            |       |     2 |     2 |     9 ||    13
 Armour: Scale mail        |    30 |    41 |    72 |    69 ||   212
         Chain mail        |       |       |       |   140 ||   140
  Dodge: Dodged            |    35 |    57 |   196 |   274 ||   562
  Block: Buckler           |    25 |    29 |    80 |   159 ||   293
